 Seeded DCSS version 0.30.1-9-gdf580d7c3d (webtiles) character file.

Game seed: 920673320228942481 (custom seed)

92344 Psyclone the Devastator (level 15, -4/101 HPs)
             Began as a Deep Elf Conjurer on Oct 1, 2023.
             Was a Believer of Ashenzari.
             Killed by divine providence
             ... invoked by a meliai
              (9 damage)
             ... on level 15 of the Dungeon.
             The game lasted 01:28:01 (26208 turns).

Psyclone the Devastator (Deep Elf Conjurer)        Turns: 26208, Time: 01:28:01

Health: -4/101     AC: 16    Str:  4    XL:     15   Next: 57%
Magic:  24/47      EV: 16    Int: 45    God:    Ashenzari [**....]
Gold:   1465       SH:  6    Dex: 19    Spells: 9/48 levels left

rFire   + + .        e - +3 Elemental Staff {rElec rF+ rC+ AC+3, Self, Elem} (curse)
rCold   + + .        T - +0 buckler {rF+}
rNeg    + . .        L - +2 steam dragon scales
rPois   +            X - +0 helmet {Int+3}
rElec   +            q - +0 cloak {rPois}
rCorr   .            Z - +1 pair of gloves
SInv    +            V - +1 pair of boots {Fly}
Will    +....        y - amulet of the acrobat
Stlth   ++           c - ring of the Oracular Empyrean {Int+5 Dex+6, Elem, Evo} (curse)
HPRegen 1.16/turn    d - ring of Ashenzari's Malaise {Drain rN+ MP+9 Int+6, Alch, Elem} (curse)
MPRegen 0.30/turn

%: acrobat
@: marked, flying, very slightly contaminated
A: cold resistance 1, regeneration 1, robust 1
a: Renounce Religion, Curse Item, Shatter the Chains


You were on level 15 of the Dungeon.
You worshipped Ashenzari.
Ashenzari was pleased with you.
You visited 4 branches of the dungeon, and saw 23 of its levels.
You also visited: Gauntlet.

You collected 2159 gold pieces.
You spent 694 gold pieces at shops.

Inventory:

Hand Weapons
 e - the cursed +3 Elemental Staff (weapon) {rElec rF+ rC+ AC+3, Self, Elem}
   (You acquired it on level 1 of the Dungeon)

   It enhances your fire, ice, earth and air magic.
   AC:        It affects your AC (+3).
   rF:        It protects you from fire.
   rC:        It protects you from cold.
   rElec:     It insulates you from electricity.
   It has a curse which improves the following skills: Introspection: Fighting
   and Spellcasting.
   Elements:  Fire Magic, Ice Magic, Air Magic and Earth Magic.
Armour
 q - a +0 cloak of poison resistance (worn)
 B - a +2 robe of cold resistance
 L - +2 steam dragon scales (worn)
 T - a +0 buckler of fire resistance (worn)
 V - a +1 pair of boots of flying (worn)
 X - a +0 helmet of intelligence (worn)
 Z - a +1 pair of gloves (worn)
Jewellery
 c - the cursed ring of the Oracular Empyrean (left hand) {Int+5 Dex+6, Elem, Evo}
   (You acquired it on level 1 of the Dungeon)

   [ring of dexterity]

   Int:       It affects your intelligence (+5).
   Dex:       It affects your dexterity (+6).
   It has a curse which improves the following skills: Elements: Fire Magic, Ice
   Magic, Air Magic and Earth Magic.
   Evocations: Evocations.
 d - the cursed ring of Ashenzari's Malaise (right hand) {Drain rN+ MP+9 Int+6, Alch, Elem}
   (You acquired it on level 1 of the Dungeon)

   [ring of intelligence]

   Int:       It affects your intelligence (+6).
   rN:        It protects you from negative energy.
   MP:        It affects your magic capacity (+9).
   Drain:     It drains your maximum health when unequipped.
   It has a curse which improves the following skills: Alchemy: Poison Magic and
   Transmutations.
   Elements:  Fire Magic, Ice Magic, Air Magic and Earth Magic.
 k - a ring of wizardry
 m - a ring of resist corrosion
 y - an amulet of the acrobat (around neck)
 A - a +5 ring of evasion
 I - a +4 ring of protection
 J - the amulet "Giogomotz" {rF+++ Regen+ Str+6 Int+3}
   (You found it on level 6 of the Dungeon)

   [amulet of regeneration]

   Str:       It affects your strength (+6).
   Int:       It affects your intelligence (+3).
   rF:        It renders you almost immune to fire.
   Regen:     It increases your rate of health regeneration.
 U - a ring of protection from fire
Wands
 w - a wand of paralysis (22)
 D - a wand of polymorph (34)
 G - a wand of light (6)
 P - a wand of flame (11)
 Q - a wand of digging (9)
 S - a wand of roots (8)
Scrolls
 h - 15 scrolls of teleportation
 i - 2 scrolls of amnesia
 l - 6 scrolls of fog
 t - 3 scrolls of poison
 u - 14 scrolls of identify {@r1}
 v - 5 scrolls of fear
 E - a scroll of vulnerability
 F - 4 scrolls of enchant weapon
 H - 4 scrolls of immolation
 K - a scroll of magic mapping
 W - a scroll of silence {!r}
 Y - 5 scrolls of blinking
Potions
 a - 4 potions of attraction
 b - 3 potions of magic
 f - 4 potions of mutation
 g - 2 potions of cancellation
 j - 5 potions of resistance
 n - 6 potions of heal wounds
 o - 2 potions of brilliance
 p - 2 potions of lignification
 r - 6 potions of degeneration
 s - 2 potions of invisibility
 x - 6 potions of curing
 z - 3 potions of ambrosia
 C - 3 potions of might
 M - 2 potions of haste
 N - 2 potions of berserk rage
 O - 4 potions of flight
Miscellaneous
 R - a phantom mirror


   Skills:
 - Level 9.2(10.3) Fighting
 - Level 8.0 Dodging
 - Level 2.4 Stealth
 - Level 4.0 Shields
 + Level 16.0(17.1) Spellcasting
 - Level 18.0 Conjurations
 - Level 6.0 Hexes
 - Level 8.8(11.1) Fire Magic
 - Level 8.8(11.1) Ice Magic
 - Level 8.8(11.1) Air Magic


You had 9 spell levels left.
You knew the following spells:

 Your Spells              Type           Power      Damage    Failure   Level
a - Magic Dart            Conj           100%       1d8       0%          1
b - Searing Ray           Conj           100%       2d8       0%          2
c - Fireball              Conj/Fire      65%        3d25      1%          5
d - Fulminant Prism       Conj/Hex       49%        3d20      1%          4
e - Iskenderun's Mystic   Conj/Tloc      88%        2d17      1%          4
f - Freezing Cloud        Conj/Ice/Air   75%        6-21      1%          5
g - Iskenderun's Battles  Conj           100%       2d15      1%          5
h - Conjure Ball Lightni  Conj/Air       65%        3x3d23    1%          6
q - Blink                 Tloc           76%        N/A       1%          2
x - Irradiate             Conj/Tmut      44%        3d26      1%          5

Your spell library contained the following spells:

 Spells                   Type           Power      Damage    Failure   Level
 Foxfire                  Conj/Fire      100%       2x1d9     0%          1
 Scorch                   Fire           100%       2d9       0%          2
 Kiss of Death            Conj/Necr      100%       2d13      1%          1
 Sandblast                Erth           100%       2d20      1%          1
 Passwall                 Tmut/Erth      47%        N/A       1%          2
 Poisonous Vapours        Pois/Air       100%       N/A       1%          2
 Sublimation of Blood     Necr           38%        N/A       1%          2
 Confusing Touch          Hex            75%        N/A       1%          3
 Dazzling Flash           Conj/Hex       100%       N/A       1%          3
 Frozen Ramparts          Ice            100%       1d16      1%          3
 Mephitic Cloud           Conj/Pois/Air  100%       N/A       1%          3
 Portal Projectile        Hex/Tloc       100%       N/A       1%          3
 Stone Arrow              Conj/Erth      100%       3d13      1%          3
 Flame Wave               Conj/Fire      100%       2d21      1%          4
 Ice Form                 Ice/Tmut       93%        N/A       1%          4
 Summon Ice Beast         Ice/Summ       93%        N/A       1%          4
 Summon Lightning Spire   Summ/Air       93%        N/A       1%          4
 Plasma Beam              Fire/Air       71%        2x1d96    1%          6
 Starburst                Conj/Fire      65%        6d17      1%          6
 Orb of Destruction       Conj           58%        9d14      1%          7
 Call Canine Familiar     Summ           38%        N/A       3%          3
 Vampiric Draining        Necr           38%        2d8       3%          3
 Leda's Liquefaction      Hex/Erth       39%        N/A       3%          4
 Petrify                  Tmut/Erth      57%        N/A       10%         4
 Dispel Undead            Necr           38%        3d16      11%         4
 Manifold Assault         Tloc           38%        N/A       11%         4
 Blade Hands              Tmut           19%        N/A       28%         5
 Borgnjor's Vile Clutch   Necr/Erth      28%        N/A       28%         5
 Maxwell's Capacitive Co  Air            59%        ∞         58%         8
 Storm Form               Tmut/Air       46%        N/A       67%         7
 Dispersal                Tloc           19%        N/A       86%         6
 Summon Cactus Giant      Summ           19%        N/A       86%         6
 Dragon Form              Tmut           19%        N/A       100%        7
 Malign Gateway           Summ/Tloc      19%        N/A       100%        7
 Borgnjor's Revivificati  Necr           19%        N/A       100%        8
 Disjunction              Tloc           19%        N/A       100%        8
 Summon Horrible Things   Summ           19%        N/A       100%        8


Dungeon Overview and Level Annotations

Branches:
Dungeon (15/15) Zot: 26809  Temple (1/1) D:6 Zot: 5737    Lair (5/5) D:8 Zot: 23172
  Swamp (0/4) Lair:3        Snake (0/4) Lair:3        Slime (0/5) Lair:5
    Orc (2/2) D:11 Zot: 9381     Elf (0/3) Orc:2        Vaults (0/5) D:13
Gauntlet (visited)
 Depths: D:15

Altars:
Ashenzari
Cheibriados
Dithmenos
Elyvilon
Fedhas
Gozag
Hepliaklqana
Kikubaaqudgha
Makhleb
Nemelex Xobeh
Okawaru
Qazlal
Ru
Sif Muna
Trog
Uskayaw
Vehumet
Wu Jian
Xom
Yredelemnul
Zin
The Shining One

Shops:
D:3 *:   D:12 [   D:13 (   Orc:1 (   Orc:2 **:?

Annotations:
D:9 2 transporters, exclusion: downstairs, monsoonserge's ghost, journeyman MiBe


Innate Abilities, Weirdness & Mutations

Your flesh is cold resistant. (rC+)
Your natural rate of healing is unusually fast.
You are robust. (+10% HP)


Message History

The large slime creature is engulfed in freezing vapours.
You take 25 damage, and have 48/101 hp.
MASSIVE DAMAGE!!
Casting: Irradiate (mildly dangerous; 1% risk of failure)
Confirm with . or Enter, or press ? or * to list all spells.
Aiming: Freezing Cloud (safe; 1% risk of failure)
Press: ? - help, Dir - move target You feel a strong surge of power!
The meliai completely misses you. The meliai misses you.
The centaur warrior shoots an arrow.
The arrow misses you. You block the meliai's attack.
The meliai completely misses you.
The centaur warrior shoots an arrow.
The arrow hits you!
You take 10 damage, and have 38/101 hp.
You now have 29/47 mp.
Casting: Freezing Cloud (safe; 1% risk of failure)
Confirm with . or Enter, or press ? or * to list all spells.
Aiming: Freezing Cloud (safe; 1% risk of failure)
Press: ? - help, Dir - move target You feel a strong surge of power!
The meliai barely misses you. The meliai closely misses you.
The meliai is engulfed in freezing vapours.
The meliai invokes the aid of its god against you.
Something smites you!
* * * LOW HITPOINT WARNING * * *
The centaur warrior shoots an arrow.
The arrow closely misses you.
The meliai is engulfed in freezing vapours.
The meliai invokes the aid of its god against you.
Something smites you!
* * * LOW HITPOINT WARNING * * *
The meliai hits you with a +4 hand axe!
* * * LOW HITPOINT WARNING * * *
You block the meliai's attack.
You take 34 damage, and have 4/101 hp.
MASSIVE DAMAGE!!
You now have 24/47 mp.
As you read the scroll of fear, it crumbles to dust.
You assume a fearsome visage.
The large slime creature looks frightened!
The meliai looks frightened! x2; The centaur warrior looks frightened!
The meliai is engulfed in freezing vapours. x2
You kill the meliai!
The meliai invokes the aid of its god against you.
Something smites you!
You die...

* * ** * *.#* * ,*
*.##### *
##########......
................ ..
#######......... ,
..#########..#######
.......§§§..y######### *
....§.§§§§...)...§§... ,
, .....§○§§§.@..J..§§...
,,
######§§§##############
....cc...)....∩.......
......................,,
,,
...#########..########**
, * . #..# ,# , #..#
*,.# * #..# *..# , *
######..##########..#


You could see a large slime creature (fleeing), a meliai (fleeing) and a
centaur.

Vanquished Creatures
  A stone giant (Orc:2)
  A dire elephant (Lair:5)
  A minotaur (Gauntlet)
  Josephine (D:14)
  Fannar (Lair:1)
  Harold (D:10)
  2 ogre magi (Orc:2)
  3 hydras
  4 vault guards (D:13)
  4 boulder beetles
  2 catoblepae
  12 two-headed ogres
  2 centaur warriors (D:14)
  Erica (D:8)
  A death knight (D:14)
  11 death yaks
  A deep troll shaman (Lair:5)
  Urug (Lair:5)
  An orc high priest (Orc:1)
  A hell knight (D:10)
  2 skysharks
  A fire crab (shapeshifter) (D:13)
  Pikel (D:8)
  2 deep trolls (Orc:2)
  3 bog bodies (Lair:3)
  An orc knight (D:15)
  2 orc sorcerers
  A deep elf pyromancer (D:14)
  13 ugly things
  2 manticores (D:14)
  19 elephants
  4 cyclopes
  Joseph (D:8)
  3 torpor snails
  A smoke demon (Gauntlet)
  3 gargoyles
  An unseen horror (D:11)
  2 rime drakes
  A kobold demonologist (D:6)
  5 cane toads
  10 komodo dragons
  5 meliai (D:15)
  3 polar bears
  A wind drake (shapeshifter) (D:13)
  9 trolls
  8 dream sheep
  A hornet (D:10)
  11 blink frogs
  A vampire (D:13)
  Sigmund (D:4)
  6 flying skulls (Gauntlet)
  6 wraiths
  A shadow (D:10)
  3 slime creatures
  58 yaks
  6 wyverns
  6 basilisks
  Grum (D:8)
  7 vampire mosquitoes
  Menkaure (D:5)
  2 steam dragons
  3 nagas (Lair:3)
  A swamp worm (Lair:3)
  2 wargs
  3 hell hounds (D:10)
  16 water moccasins
  Duvessa (D:7)
  A meliai simulacrum (D:15)
  A sky beast (D:7)
  4 black bears
  13 orc warriors
  2 ice beasts
  23 ogres
  13 wolves
  12 centaurs
  A lemure (D:8)
  2 phantoms (D:6)
  2 kobold brigands
  Blork the orc (D:4)
  3 gnoll sergeants
  10 bullfrogs
  9 scorpions
  5 wights
  Dowan (D:7)
  14 killer bees
  4 howler monkeys (D:9)
  An electric eel (Lair:3)
  3 crimson imps (Gauntlet)
  4 hounds
  9 orc priests
  3 jellies
  Crazy Yiuf (D:2)
  A gnoll bouda (Lair:4)
  Natasha (thrice) (D:2)
  An iguana (D:5)
  Ijyb (D:5)
  19 orc wizards
  Robin (D:4)
  15 gnolls
  5 adders
  8 white imps
  An ufetubus (D:6)
  A worm (D:3)
  2 dart slugs
  65 orcs
  11 endoplasms
  2 giant cockroaches
  9 goblins
  7 hobgoblins
  17 kobolds
  2 quokkas
  3 training dummies (Orc:1)
  9 ball pythons
  4 bats
  4 rats
626 creatures vanquished.

Vanquished Creatures (others)
  6 ball lightnings (Lair:5)
  83 fulminant prisms
89 creatures vanquished.

Grand Total: 715 creatures vanquished

Notes
Turn   | Place    | Note
-------+----------+-------------------------------------------
     0 | D:1      | Psyclone the Deep Elf Conjurer began the quest for the Orb.
     0 | D:1      | Reached XP level 1. HP: 10/10 MP: 6/6
    95 | D:1      | Identified 3 scrolls of acquirement
    95 | D:1      | Acquired the +3 Elemental Staff {rElec rF+ rC+ AC+3}
    95 | D:1      | Found the +3 Elemental Staff {rElec rF+ rC+ AC+3}
   221 | D:1      | Acquired the ring of Dicrig {Drain rN+ MP+9 Int+6}
   222 | D:1      | Acquired the ring of Spring {Int+5 Dex+6}
   969 | D:1      | Reached XP level 2. HP: 15/15 MP: 8/8
  1416 | D:2      | Reached skill level 5 in Conjurations
  1488 | D:2      | Noticed Natasha
  1494 | D:2      | Killed Natasha
  1495 | D:2      | Reached XP level 3. HP: 12/19 MP: 9/9
  1665 | D:2      | Noticed Natasha
  1668 | D:2      | Killed Natasha
  1669 | D:2      | Reached skill level 6 in Conjurations
  1669 | D:2      | Reached XP level 4. HP: 24/24 MP: 10/10
  1672 | D:2      | Learned a level 2 spell: Searing Ray
  1751 | D:2      | Noticed Natasha
  1755 | D:2      | Killed Natasha
  2090 | D:2      | Found a runed translucent door.
  2091 | D:2      | Noticed Crazy Yiuf
  2439 | D:2      | Killed Crazy Yiuf
  2440 | D:2      | Reached skill level 7 in Conjurations
  2440 | D:2      | Reached XP level 5. HP: 14/28 MP: 11/11
  2565 | D:3      | Found Xyxiz's Assorted Antiques.
  2669 | D:3      | Found Rylak's Book Boutique.
  2931 | D:3      | Learned a level 4 spell: Fulminant Prism
  3337 | D:4      | Noticed Blork the orc
  3343 | D:4      | Killed Blork the orc
  3480 | D:4      | Noticed Robin
  3488 | D:4      | Killed Robin
  3489 | D:4      | Reached skill level 8 in Conjurations
  3662 | D:4      | Reached XP level 6. HP: 32/32 MP: 12/12
  3962 | D:4      | Noticed Sigmund
  3968 | D:4      | Killed Sigmund
  3969 | D:4      | Reached XP level 7. HP: 27/36 MP: 16/18
  4378 | D:4      | Reached skill level 9 in Conjurations
  4379 | D:4      | Got the Precepts of Hapless Last Rites
  4539 | D:5      | Entered Level 5 of the Dungeon
  4641 | D:5      | Reached skill level 10 in Conjurations
  4661 | D:5      | Reached XP level 8. HP: 41/41 MP: 19/19
  4809 | D:5      | Noticed Ijyb
  4816 | D:5      | Killed Ijyb
  4936 | D:5      | Reached skill level 11 in Conjurations
  4938 | D:5      | Noticed Menkaure
  4942 | D:5      | Killed Menkaure
  4963 | D:5      | Identified the amulet "Deiwnuuf" {Spirit rPois Str+4}
  4978 | D:5      | Found a sacrificial altar of Ru.
  5400 | D:6      | Reached skill level 12 in Conjurations
  5640 | D:6      | Identified the amulet "Giogomotz" {rF+++ Regen+ Str+6
                  | Int+3}
  5661 | D:6      | Reached XP level 9. HP: 44/45 MP: 23/23
  5729 | D:6      | Found a staircase to the Ecumenical Temple.
  5767 | Temple   | Entered the Ecumenical Temple
  6321 | D:6      | Found a burning altar of Makhleb.
  6384 | D:6      | Noticed a kobold demonologist
  6390 | D:6      | Killed a kobold demonologist
  6391 | D:6      | Reached skill level 10 in Spellcasting
  6947 | D:7      | Found a broken altar of Ashenzari.
  6951 | D:7      | Became a worshipper of Ashenzari the Shackled
  6967 | D:7      | Found an opulent altar of Gozag.
  7191 | D:7      | Reached skill level 13 in Conjurations
  7191 | D:7      | Reached XP level 10. HP: 46/50 MP: 28/28
  7248 | D:7      | Noticed Dowan
  7258 | D:7      | Noticed Duvessa
  7265 | D:7      | Killed Dowan
  7274 | D:7      | Killed Duvessa
  7446 | D:7      | Found a blossoming altar of Fedhas.
  7962 | D:7      | Learned a level 5 spell: Fireball
  7989 | D:7      | Learned a level 5 spell: Freezing Cloud
  8010 | D:7      | Found a glowing silver altar of Zin.
  8066 | D:8      | Noticed Joseph
  8077 | D:8      | Killed Joseph
  8078 | D:8      | Reached skill level 1 in Air Magic
  8199 | D:8      | Noticed Grum
  8207 | D:8      | Killed Grum
  8464 | D:8      | Noticed Pikel
  8476 | D:8      | Killed Pikel
  8477 | D:8      | Reached skill level 5 in Fire Magic
  8535 | D:8      | Reached skill level 5 in Air Magic
  8590 | D:8      | Reached XP level 11. HP: 21/54 MP: 14/29
  8764 | D:8      | Found a staircase to the Lair.
  9132 | D:8      | Noticed Erica
  9145 | D:8      | Killed Erica
  9504 | D:3      | Bought a book of Alchemy for 308 gold pieces
  9510 | D:3      | Learned a level 5 spell: Irradiate
  9703 | D:9      | Found a transporter.
  9704 | D:9      | Noticed monsoonserge's ghost (journeyman MiBe)
  9704 | D:9      | Noticed a two-headed ogre
  9705 | D:9      | Noticed a two-headed ogre
  9790 | D:9      | Noticed a two-headed ogre
  9791 | D:9      | Noticed a two-headed ogre
  9793 | D:9      | Noticed a two-headed ogre
  9795 | D:9      | Found a transporter.
  9886 | D:9      | Found an ornate altar of the Wu Jian Council.
 10000 | D:9      | Found a basalt altar of Yredelemnul.
 10677 | D:10     | Entered Level 10 of the Dungeon
 10686 | D:10     | Noticed a two-headed ogre
 10810 | D:9      | Killed a two-headed ogre
 10910 | D:9      | Learned a level 2 spell: Blink
 10915 | D:9      | Learned a level 4 spell: Iskenderun's Mystic Blast
 10923 | D:10     | Noticed Harold
 11090 | D:10     | Paralysed by Harold for 5 turns
 11099 | D:10     | Killed Harold
 11248 | D:10     | Noticed a hell knight
 11313 | D:10     | Killed a hell knight
 11620 | D:11     | Noticed a two-headed ogre
 11624 | D:11     | Killed a two-headed ogre
 11625 | D:11     | Reached skill level 14 in Conjurations
 11625 | D:11     | Reached XP level 12. HP: 59/59 MP: 32/33
 12202 | D:11     | Reached skill level 15 in Conjurations
 12377 | D:11     | You fall into a shaft and drop 3 floors!
 12487 | D:11     | Found a staircase to the Orcish Mines.
 12573 | D:11     | Noticed a boulder beetle
 12582 | D:11     | Killed a boulder beetle
 12751 | Orc:1    | Entered Level 1 of the Orcish Mines
 12797 | Orc:1    | Noticed an orc high priest
 12804 | Orc:1    | Killed an orc high priest
 12892 | Orc:1    | Noticed a two-headed ogre
 12902 | Orc:1    | Killed a two-headed ogre
 12903 | Orc:1    | Reached skill level 5 in Hexes
 13131 | Orc:1    | Found Lodem's Firing Range.
 13184 | Orc:2    | Entered Level 2 of the Orcish Mines
 13185 | Orc:2    | Found a staircase to the Elven Halls.
 13684 | Orc:2    | Reached skill level 1 in Fighting
 13709 | Orc:2    | Noticed a two-headed ogre
 13719 | Orc:2    | Killed a two-headed ogre
 13892 | Orc:2    | Noticed an ogre mage
 13898 | Orc:2    | Killed an ogre mage
 13948 | Orc:2    | Noticed a two-headed ogre
 13964 | Orc:2    | Killed a two-headed ogre
 13968 | Orc:2    | Noticed a stone giant
 13972 | Orc:2    | Noticed a two-headed ogre
 13982 | Orc:2    | Paralysed by an orc sorcerer for 2 turns
 13985 | Orc:2    | Reached skill level 5 in Fighting
 13985 | Orc:2    | Killed a stone giant
 13985 | Orc:2    | Killed a two-headed ogre
 13988 | Orc:2    | Reached XP level 13. HP: 23/74 MP: 1/34
 15088 | Orc:2    | Found Enioni's Magic Scroll Emporium.
 15090 | Orc:2    | Found Poenyon's Book Shop.
 15096 | Orc:2    | Found Hoantoc's Assorted Antiques.
 15097 | Orc:2    | Found Nalecwih's Assorted Antiques.
 15115 | Orc:2    | Bought a runed buckler for 225 gold pieces
 15466 | Lair:1   | Entered Level 1 of the Lair of Beasts
 15474 | Lair:1   | Reached skill level 1 in Shields
 15940 | Lair:1   | Noticed Fannar
 15944 | Lair:1   | Killed Fannar
 16239 | Lair:1   | Reached * piety under Ashenzari
 17228 | Lair:2   | Reached skill level 1 in Ice Magic
 18057 | Lair:3   | Reached skill level 5 in Ice Magic
 18202 | Lair:3   | Found a staircase to the Snake Pit.
 18223 | Lair:3   | Reached XP level 14. HP: 88/88 MP: 18/35
 19251 | Lair:3   | Found a staircase to the Swamp.
 20586 | Lair:5   | Entered Level 5 of the Lair of Beasts
 20681 | Lair:4   | Learned a level 5 spell: Iskenderun's Battlesphere
 20688 | Lair:4   | Learned a level 6 spell: Conjure Ball Lightning
 20690 | Lair:5   | Noticed Urug
 20696 | Lair:5   | Killed Urug
 21127 | Lair:5   | Reached skill level 16 in Conjurations
 21843 | Lair:5   | Found a staircase to the Slime Pits.
 22374 | D:12     | Found a transporter.
 22378 | D:12     | Found Atixus's Armour Emporium.
 22401 | D:12     | Found a transporter.
 22409 | D:12     | Reached skill level 17 in Conjurations
 22539 | D:12     | Bought a +1 pair of gloves for 161 gold pieces
 23021 | D:12     | Reached ** piety under Ashenzari
 23369 | D:13     | Found a gate to the Vaults.
 23375 | D:13     | Reached XP level 15. HP: 87/92 MP: 28/36
 23382 | D:13     | Reached skill level 5 in Dodging
 23593 | D:13     | Found Ciute's Weapon Shoppe.
 24482 | D:14     | Reached skill level 18 in Conjurations
 24484 | D:14     | Noticed Josephine
 24488 | D:14     | Killed Josephine
 25120 | D:15     | Entered Level 15 of the Dungeon
 25120 | D:15     | Identified the +1 long sword of Articulation {heavy, Str+3}
 25194 | D:15     | Found a gate leading to a gauntlet.
 25204 | Gauntlet | Entered a Gauntlet
 25204 | Gauntlet | Found a transporter.
 25204 | Gauntlet | Found a transporter.
 25225 | Gauntlet | Found a transporter.
 25226 | Gauntlet | Found a transporter.
 25241 | Gauntlet | Found a transporter.
 25241 | Gauntlet | Identified the ring of the Voivode {Drain Str+5 Int+6}
 25241 | Gauntlet | Identified the +7 dagger "Ukli Rol" {freeze, rElec}
 25262 | Gauntlet | Found a transporter.
 25271 | Gauntlet | Found a transporter.
 25297 | Gauntlet | Found a transporter.
 25318 | Gauntlet | Found a transporter.
 25330 | Gauntlet | Found a transporter.
 25341 | Gauntlet | Found a transporter.
 25356 | Gauntlet | Found a transporter.
 25456 | Gauntlet | Reached skill level 15 in Spellcasting
 25729 | Gauntlet | Gained mutation: Your natural rate of healing is unusually
                  | fast. [potion of mutation]
 25729 | Gauntlet | Gained mutation: You are robust. (+10% HP) [potion of
                  | mutation]
 25729 | Gauntlet | Gained mutation: Your flesh is cold resistant. (rC+)
                  | [potion of mutation]
 25894 | Gauntlet | Identified the +0 plate armour of Panentheism {Fly rF- MP+9
                  | Int+2}
 26207 | D:15     | HP: 4/101 [meliai/+4 hand axe (8)]
 26208 | D:15     | Killed from afar by a meliai

Illustrated notes

Levels and vault maps discovered:
D:1:      dpeg_arrival_orchard, layout_basic
D:2:      layout_loops_corners, uniq_natasha, uniq_crazy_yiuf_cottage
D:3:      layout_basic, serial_shops, nicolae_shop_stone, shop
D:4:      layout_basic, nicolae_figureground_sparkle, uniq_sigmund, uniq_robin,
          uniq_blork_the_orc
D:5:      layout_cave_pools, nicolae_ru_path_of_blood, minmay_quadrilaterals,
          uniq_menkaure, uniq_ijyb
D:6:      cheibrodos_barr_body, layout_rooms, lemuel_doored_altar,
          minmay_temple_entry_large_hall, hangedman_decor_growths,
          minmay_fractal_squares_gapless_5
D:7:      layout_basic, mainiacjoe_overflow_big_doors, lemuel_tele_altar,
          zin_scriptorium, nicolae_figureground_pulse, uniq_duvessa
D:8:      layout_loops_cross, minmay_lair_entry_grove, serial_demonic,
          serial_demonic_f, serial_demonic_e, serial_demonic_b,
          serial_demonic_d, serial_demonic_g, serial_demonic_f, uniq_pikel,
          uniq_joseph, uniq_grum, uniq_erica
D:9:      layout_irregular_city, mainiacjoe_overflow_catwalk_spiral,
          gammafunk_ghost_smash, serial_bayou_crossing
D:10:     layout_cross, minmay_rotating_lava, uniq_harold
D:11:     layout_cave_pools, david_orc_1_choice
D:12:     layout_rooms, serial_shops, nicolae_shop_drivethru,
          minmay_strange_pillars
D:13:     layout_irregular_city, lightli_vaults_fourway_checkpoint,
          serial_shops, nicolae_shop_temple_entry_statues_fountains
D:14:     layout_roguey, nicolae_titane, uniq_josephine
D:15:     grunt_enter_depths_snipers, layout_long_grid, gauntlet_entry_generic
Temple:   nicolae_temple_great_sept
Lair:1:   layout_cave_pods, beast_lair_carwin_2, serial_bayou_shore_b,
          lemuel_fruit_tree, uniq_fannar
Lair:2:   layout_loops_ring, serial_forest, infiniplex_forest_clump_small,
          infiniplex_forest_lined_1, infiniplex_forest_corner_2,
          infiniplex_forest_lined_4_way, infiniplex_forest_clump_medium,
          infiniplex_forest_clump_large, infiniplex_forest_clump_tiny,
          infiniplex_forest_clump_double, infiniplex_forest_lined_ring,
          infiniplex_forest_clump_small
Lair:3:   layout_small_grid, nicolae_swamp_entry_splash_gauntlet,
          guppyfry_snake_entry_island
Lair:4:   layout_loops_ring, dreamdust_gnoll_shepherd, lemuel_fruit_fields,
          grunt_megastairs_5
Lair:5:   grunt_lair_end_beastmaster, layout_cave_shapes,
          nicolae_slime_entry_slimehenge, uniq_urug
Orc:1:    layout_caves, nicolae_shop_firing_range
Orc:2:    st_orc_open, layout_caves, small_statue_alley_c

Skill      XL: |  1  2  3  4  5  6  7  8  9 10 11 12 13 14 15 |
---------------+----------------------------------------------+-----
Conjurations   | 5 6 7 8 10 12 13 14 15 17 18 | 18.0
Spellcasting   | 6 8 12 14 16 | 16.0
Fire Magic     | 6 7 8 |  8.8
Air Magic      | 6 7 8 |  8.8
Hexes          | 6 |  6.0
Fighting       | 5 9 |  9.2
Shields        | 4 |  4.0
Ice Magic      | 5 8 |  8.8
Dodging        | 4 8 |  8.0
Stealth        | |  2.4

Action                     |  1- 3 |  4- 6 |  7- 9 | 10-12 | 13-15 || total
---------------------------+-------+-------+-------+-------+-------++-------
  Melee: Staff             |       |       |     2 |     6 |    46 ||    54
   Cast: Magic Dart        |    33 |    64 |    46 |    57 |   103 ||   303
         Searing Ray       |       |    15 |    69 |    74 |    29 ||   187
         Fulminant Prism   |       |       |       |    77 |     6 ||    83
         Irradiate         |       |       |       |     9 |    25 ||    34
         Freezing Cloud    |       |       |       |    18 |   131 ||   149
         Fireball          |       |       |       |     1 |     7 ||     8
         Blink             |       |       |       |     1 |       ||     1
         Iskenderun's Myst |       |       |       |     9 |    89 ||    98
         Iskenderun's Batt |       |       |       |       |    14 ||    14
         Conjure Ball Ligh |       |       |       |       |     2 ||     2
 Invoke: Curse Item        |       |       |       |     1 |     2 ||     3
    Use: Scroll            |     3 |     1 |       |     9 |     2 ||    15
         Potion            |       |       |       |       |     1 ||     1
 Armour: Robe              |     1 |     2 |    14 |       |       ||    17
         Steam dragon scal |       |       |       |    30 |    57 ||    87
  Dodge: Dodged            |     3 |    11 |    88 |   197 |   160 ||   459
  Block: Buckler           |       |       |       |       |    41 ||    41
